[Event "Titled Tuesday Blitz May 4 2021"]
[White "Steil-Antoni, Fiona"]
[Black "Kalajzic, Ivan"]
[WhiteFideId "4001249"]
[BlackFideId "14506378"]
[WhiteElo "2059"]
[BlackElo "2163"]
[Result "0-1"]
[Round "09"]
[TimeControl "180+1"]
[Date "2021.05.04"]
[WhiteClock "0:00:03"]
[BlackClock "0:00:13"]

1. e4 Nc6 2. Nf3 d6 3. d4 g6 4. Be3 Bg7 5. c3 Nf6 6. Bd3 e5 7. h3 O-O 8. O-O Re8 9. d5 Ne7 10. Qd2 Nh5 11. g4 Nf4 12. Bxf4 exf4 13. Qxf4 f6 14. Nbd2 g5 15. Qg3 Ng6 16. Nd4 Nf4 17. Rae1 h5 18. Nf5 Bf8 19. Bc2 h4 20. Qe3 a5 21. Kh2 a4 22. Qd4 b6 23. c4 Re5 24. Nf3 Qe8 25. Nxe5 dxe5 26. Qc3 Bxf5 27. exf5 Bc5 28. b4 Bd4 29. Qf3 a3 30. Bb3 Kg7 31. c5 Qb5 32. d6 Ra7 33. dxc7 Rxc7 34. cxb6 Qxb6 35. Rc1 Rxc1 36. Rxc1 Bxf2 37. b5 Bg3+ 38. Kh1 Nxh3 39. Qc3 Nf2+ 40. Kg2 Nxg4 41. Qc7+ Qxc7 42. Rxc7+ Kf8 43. b6 Ne3+ 44. Kh3 g4# 0-1


[Site "https://www.chess.com"]

[Event "Titled Tuesday Blitz May 4 2021"]
[White "Stepak, Yedael"]
[Black "Grigoryan, Meri"]
[WhiteFideId "2800454"]
[BlackFideId "13300571"]
[WhiteElo "2146"]
[BlackElo "2007"]
[Result "1-0"]
[Round "09"]
[TimeControl "180+1"]
[Date "2021.05.04"]
[WhiteClock "0:00:43"]
[BlackClock "0:00:08"]

1. d4 d5 2. Nf3 Nf6 3. e3 e6 4. c4 c5 5. dxc5 Bxc5 6. a3 Nc6 7. b4 Be7 8. c5 O-O 9. Bb2 Qc7 10. Nbd2 a6 11. Be2 e5 12. Nb3 Bf5 13. h3 Rfd8 14. O-O Ne4 15. Qc1 Bf6 16. Rd1 Rd7 17. Nbd2 Rad8 18. Nxe4 Bxe4 19. Nd2 Bg6 20. Nb3 d4 21. Bg4 Re7 22. exd4 exd4 23. Qd2 d3 24. Bxf6 gxf6 25. Re1 Ne5 26. Qc3 h5 27. Bd1 Qc6 28. f4 d2 29. Re3 1-0


[Site "https://www.chess.com"]

[Event "Titled Tuesday Blitz May 4 2021"]
[White "Suasnabar, Jesus"]
[Black "Moore, Nicholas"]
[WhiteFideId "3800776"]
[BlackFideId "4303709"]
[WhiteElo "2002"]
[BlackElo "2368"]
[Result "0-1"]
[Round "09"]
[TimeControl "180+1"]
[Date "2021.05.04"]
[WhiteClock "0:00:01"]
[BlackClock "0:00:25"]

1. d4 d5 2. c4 c6 3. Nc3 Nf6 4. Nf3 dxc4 5. e3 b5 6. a4 b4 7. Na2 a5 8. Bxc4 e6 9. b3 Be7 10. Bb2 O-O 11. Nc1 Nbd7 12. O-O Qc7 13. Nd3 Nb6 14. Nde5 Nxc4 15. Nxc4 c5 16. dxc5 Qxc5 17. Rc1 Rd8 18. Qc2 Ba6 19. Rfd1 Rxd1+ 20. Rxd1 Rc8 21. Nfd2 Bb7 22. Qb1 Qg5 23. e4 Bc5 24. Nf3 Qh5 25. Bxf6 gxf6 26. Qb2 Be7 27. Rd7 Bxe4 28. Rxe7 Bxf3 29. gxf3 Qxf3 30. Qc1 Qxb3 31. Qg5+ fxg5 0-1


[Site "https://www.chess.com"]

[Event "Titled Tuesday Blitz May 4 2021"]
[White "Suvorov, Alexander"]
[Black "Zhukov, Anton"]
[WhiteFideId "12977063"]
[BlackFideId "34187534"]
[WhiteElo "2221"]
[BlackElo "2172"]
[Result "1-0"]
[Round "09"]
[TimeControl "180+1"]
[Date "2021.05.04"]
[WhiteClock "0:00:06"]
[BlackClock "0:00:12"]

1. d4 Nf6 2. c4 e6 3. Nc3 Bb4 4. e3 O-O 5. Bd2 d5 6. Nf3 c6 7. Bd3 Nbd7 8. O-O Bd6 9. Rc1 dxc4 10. Bxc4 e5 11. h3 Qe7 12. Bb3 e4 13. Ne1 Nb6 14. f4 exf3 15. Qxf3 c5 16. Nb5 Ne4 17. Ba5 c4 18. Bc2 Ng5 19. Qf2 a6 20. Nxd6 Qxd6 21. e4 Nd7 22. Bc3 Qg6 23. Qe3 Nf6 24. Rxf6 gxf6 25. Kh2 Re8 26. e5 Bf5 27. Bxf5 Qxf5 28. Nf3 Ne6 29. Rf1 Qf4+ 30. Qxf4 Nxf4 31. g3 Nd5 32. exf6 Re2+ 33. Kg1 Nxc3 34. bxc3 Rxa2 35. Ne5 Re8 36. Rf4 Re2 37. Rg4+ Kf8 38. Rg7 R8xe5 39. dxe5 Rxe5 40. Rxh7 Re6 41. Rh8# 1-0


[Site "https://www.chess.com"]

[Event "Titled Tuesday Blitz May 4 2021"]
[White "Sviridova, Vlada"]
[Black "Navalgund, Niranjan"]
[WhiteFideId "24109606"]
[BlackFideId "5030854"]
[WhiteElo "2101"]
[BlackElo "2290"]
[Result "0-1"]
[Round "09"]
[TimeControl "180+1"]
[Date "2021.05.04"]
[WhiteClock "0:00:05"]
[BlackClock "0:01:36"]

1. d4 Nf6 2. c4 Nc6 3. d5 Ne5 4. Qc2 e6 5. f4 Ng6 6. e4 Bc5 7. Nf3 exd5 8. cxd5 d6 9. Nc3 O-O 10. Bd2 Ng4 11. O-O-O Nf2 12. Bd3 Nxh1 13. Rxh1 c6 14. h4 h5 15. e5 dxe5 16. Bxg6 fxg6 17. Qxg6 Qe8 18. Qg5 exf4 19. Re1 Qf7 20. Ne4 Be7 21. Qe5 cxd5 22. Neg5 Bxg5 23. Nxg5 Qf5 24. Qd4 Qg6 25. Bc3 Bf5 26. Re7 Rf6 27. Qxd5+ Kh8 28. Bxf6 Qxf6 29. Nf7+ Kh7 30. Ng5+ Kh8 31. Re5 Rc8+ 32. Kd2 Bg6 33. Ne6 f3 34. Nd4 fxg2 35. Rxh5+ Bxh5 36. Qxh5+ Qh6+ 37. Qxh6+ gxh6 38. Nf3 Rf8 39. Ng1 Rf1 40. Nh3 Rh1 0-1


[Site "https://www.chess.com"]

[Event "Titled Tuesday Blitz May 4 2021"]
[White "Tang, Andrew"]
[Black "Keymer, Vincent"]
[WhiteFideId "2059630"]
[BlackFideId "12940690"]
[WhiteElo "2584"]
[BlackElo "2474"]
[Result "1-0"]
[Round "09"]
[TimeControl "180+1"]
[Date "2021.05.04"]
[WhiteClock "0:00:04"]
[BlackClock "0:00:11"]

1. d4 Nf6 2. Nf3 e6 3. Bf4 d5 4. e3 Bd6 5. Nbd2 O-O 6. Bd3 Bxf4 7. exf4 Qd6 8. Ne5 Qb4 9. c3 Qxb2 10. Rc1 c5 11. Ndf3 Qb6 12. O-O Nc6 13. Re1 Bd7 14. Bxh7+ Kxh7 15. Ng5+ Kg8 16. Qd3 Qd8 17. Ng4 Re8 18. Ne5 Re7 19. Qh3 cxd4 20. Qh4 Rc8 21. Rcd1 Re8 22. Nexf7 Kf8 23. Nxd8 Rcxd8 24. Qh8+ Ke7 25. Qxg7+ Kd6 26. Qxf6 Rf8 27. Qg7 Kc7 28. Nxe6+ Kc8 29. Nxf8 Rxf8 30. Qxf8+ 1-0


[Site "https://www.chess.com"]

[Event "Titled Tuesday Blitz May 4 2021"]
[White "Tari, Aryan"]
[Black "Arabidze, Meri"]
[WhiteFideId "1510045"]
[BlackFideId "13604040"]
[WhiteElo "2656"]
[BlackElo "2432"]
[Result "1-0"]
[Round "09"]
[TimeControl "180+1"]
[Date "2021.05.04"]
[WhiteClock "0:00:23"]
[BlackClock "0:00:14"]

1. e4 c5 2. Nc3 e6 3. f4 Nc6 4. Nf3 a6 5. g3 d5 6. Bg2 Nf6 7. e5 Ng4 8. h3 Nh6 9. g4 Be7 10. O-O O-O 11. d3 Kh8 12. Ne2 b5 13. c3 Ra7 14. Be3 Ng8 15. d4 c4 16. Ng3 f6 17. Qd2 a5 18. Rae1 Rb7 19. exf6 Nxf6 20. Ne5 Bd7 21. g5 Ne8 22. Qd1 g6 23. h4 Nd6 24. h5 Nxe5 25. fxe5 Nf5 26. Nxf5 gxf5 27. g6 Rg8 28. Bh6 Bf8 29. Qd2 Be8 30. Bxf8 Rxf8 31. Qh6 Rg7 32. Rf3 Qh4 33. Ref1 Rfg8 34. Rh3 Qg4 35. Rf4 Qd1+ 36. Kh2 Qd2 37. Qg5 Bxg6 38. hxg6 Rxg6 39. Rxh7+ Kxh7 40. Rh4+ Kg7 41. Qe7# 1-0


[Site "https://www.chess.com"]

[Event "Titled Tuesday Blitz May 4 2021"]
[White "TigrVShlyape"]
[Black "Kollars, Dmitrij"]
[BlackFideId "12909572"]
[WhiteElo "2829"]
[BlackElo "2576"]
[Result "1-0"]
[Round "09"]
[TimeControl "180+1"]
[Date "2021.05.04"]
[WhiteClock "0:00:13"]
[BlackClock "0:00:02"]

1. d4 d5 2. Nf3 Nf6 3. Bf4 c5 4. e3 Nc6 5. Nbd2 cxd4 6. exd4 Bf5 7. c3 e6 8. Be2 Bd6 9. Bxd6 Qxd6 10. O-O O-O 11. Re1 h6 12. a4 Rac8 13. a5 Rc7 14. Qa4 Ne4 15. Bf1 Rfc8 16. Nxe4 Bxe4 17. Nd2 Bg6 18. Qa3 Qf4 19. Nb3 h5 20. Nc5 h4 21. Re3 e5 22. g3 hxg3 23. hxg3 Qf6 24. Rae1 exd4 25. Re8+ Rxe8 26. Rxe8+ Kh7 27. Nd3 Re7 28. Rxe7 Qxe7 29. Qxe7 Nxe7 30. Nc5 b6 31. axb6 axb6 32. Nb3 dxc3 33. bxc3 Nc6 34. Bb5 Ne5 35. Nd4 Bd3 36. Ba4 Bc4 37. f4 Ng4 38. Kg2 Kg8 39. Kf3 Nf6 40. Bc2 Kf8 41. g4 Ke7 42. g5 Nd7 43. Nf5+ Kf8 44. Ke3 Nc5 45. Nd4 g6 46. f5 gxf5 47. Bxf5 Kg7 48. Bc2 Ne6 49. Nxe6+ fxe6 50. Kf4 Kf7 51. Ke5 Be2 52. Bb1 Bh5 53. Bc2 b5 54. Bd3 Bg6 55. Bxb5 Bf5 56. Bd7 Kg6 57. Bxe6 Be4 58. Bxd5 Bd3 59. Kf4 Kg7 60. c4 1-0


[Site "https://www.chess.com"]

[Event "Titled Tuesday Blitz May 4 2021"]
[White "Titichoca Daza, Daniel"]
[Black "San, Thit Lwin"]
[WhiteFideId "3309550"]
[BlackFideId "13001272"]
[WhiteElo "1910"]
[BlackElo "2232"]
[Result "1-0"]
[Round "09"]
[TimeControl "180+1"]
[Date "2021.05.04"]
[WhiteClock "0:00:23"]
[BlackClock "0:00:16"]

1. e4 Nf6 2. d3 d5 3. Nd2 c5 4. Ngf3 Nc6 5. g3 e6 6. Bg2 Be7 7. O-O Qc7 8. e5 Nxe5 9. Re1 Nc6 10. c4 O-O 11. b3 b6 12. Bb2 Bb7 13. Ne5 Rfd8 14. Qe2 dxc4 15. dxc4 Nd4 16. Bxd4 Rxd4 17. Bxb7 Qxb7 18. Ndf3 Re4 19. Qc2 Rxe1+ 20. Rxe1 Rd8 21. Qe2 Qc8 22. h4 h6 23. g4 Ne8 24. g5 hxg5 25. hxg5 Nd6 26. g6 f6 27. Nd3 e5 28. Nh4 f5 29. Qh5 Bf6 30. Nxe5 Ne4 31. Nxf5 Bxe5 32. Qh7+ Kf8 33. Qh8# 1-0


[Site "https://www.chess.com"]

[Event "Titled Tuesday Blitz May 4 2021"]
[White "Todorovic, Bojan"]
[Black "Rodin, Mihail"]
[WhiteFideId "917087"]
[BlackFideId "4113160"]
[WhiteElo "2266"]
[BlackElo "2368"]
[Result "1-0"]
[Round "09"]
[TimeControl "180+1"]
[Date "2021.05.04"]
[WhiteClock "0:00:18"]
[BlackClock "0:00:28"]

1. Nf3 d5 2. c4 e6 3. g3 Nf6 4. Bg2 c6 5. b3 a5 6. O-O a4 7. bxa4 Nbd7 8. Qc2 Qa5 9. cxd5 exd5 10. Nc3 Bd6 11. d3 O-O 12. Bd2 Qa7 13. Be3 Bc5 14. Bxc5 Nxc5 15. e4 Nxa4 16. e5 Ne8 17. d4 Nc7 18. Ng5 g6 19. Ne2 Bf5 20. Qd2 h6 21. Nf3 Kg7 22. Nh4 Bg4 23. f3 Bd7 24. f4 f5 25. g4 fxg4 26. f5 Bxf5 27. Nxf5+ gxf5 28. Ng3 Kg6 29. Nxf5 Rxf5 30. Rxf5 Kxf5 31. Rf1+ Ke6 32. Qxh6+ Kd7 33. Qd6+ Kc8 34. Rf8+ Ne8 35. Rxe8# 1-0


[Site "https://www.chess.com"]

[Event "Titled Tuesday Blitz May 4 2021"]
[White "Tokhirjonova, Gulrukhbegim"]
[Black "Buscar, Michael"]
[WhiteFideId "14203626"]
[BlackFideId "2603616"]
[WhiteElo "2236"]
[BlackElo "2010"]
[Result "0-1"]
[Round "09"]
[TimeControl "180+1"]
[Date "2021.05.04"]
[WhiteClock "0:00:03"]
[BlackClock "0:00:23"]

1. e4 c5 2. Nf3 Nc6 3. Bb5 Nf6 4. Nc3 g6 5. O-O Bg7 6. Re1 O-O 7. e5 Ne8 8. d3 Nc7 9. Bc4 d5 10. exd6 exd6 11. Nd5 Bg4 12. h3 Bxf3 13. Qxf3 Ne5 14. Qg3 Nxc4 15. dxc4 Nxd5 16. cxd5 Re8 17. Bg5 Qa5 18. c3 Qb6 19. Rad1 Qxb2 20. Rxe8+ Rxe8 21. Qxd6 Qxc3 22. Be7 Qc2 23. Rf1 Qe4 24. Bg5 c4 25. Be3 c3 26. Qc5 Rd8 27. d6 Qc6 28. Qxc6 bxc6 29. Rd1 Rd7 30. Kf1 Be5 31. Bc5 f5 32. g3 Kf7 33. Ke2 Ke6 34. Rc1 Rb7 35. Kd3 Rb2 36. f4 Bxd6 37. Bxa7 Rxa2 38. Bd4 c2 39. Rxc2 Rxc2 40. Kxc2 Kd5 41. Kd3 Bc5 42. Bf6 Bf2 43. g4 c5 44. gxf5 gxf5 45. Be5 c4+ 46. Ke2 Bd4 47. Bb8 Ke4 48. Kd2 Be3+ 49. Kc3 Bxf4 50. Ba7 Kd5 51. Bf2 Be5+ 52. Kc2 Bd4 53. Bh4 Ke4 54. Bg5 Kf3 55. h4 Kg4 56. Bd8 f4 0-1


[Site "https://www.chess.com"]

[Event "Titled Tuesday Blitz May 4 2021"]
[White "Tokman, Ariel"]
[Black "Arkell, Keith C"]
[WhiteFideId "117420"]
[BlackFideId "400270"]
[WhiteElo "2345"]
[BlackElo "2398"]
[Result "0-1"]
[Round "09"]
[TimeControl "180+1"]
[Date "2021.05.04"]
[WhiteClock "0:00:11"]
[BlackClock "0:00:29"]

1. c4 c5 2. Nc3 Nc6 3. g3 g6 4. Bg2 Bg7 5. Nf3 Nf6 6. O-O O-O 7. d3 d6 8. Rb1 Bg4 9. a3 Qd7 10. Re1 Bh3 11. Bh1 h6 12. b4 b6 13. b5 Na5 14. Bd2 Rad8 15. Qc2 e5 16. Ne4 Nb7 17. Nxf6+ Bxf6 18. Bxh6 Rfe8 19. Bg5 Kg7 20. Bxf6+ Kxf6 21. Qd2 Kg7 22. Ng5 Rh8 23. Qe3 Rh6 24. Qf3 Rb8 25. Nxh3 Qxh3 26. Qg2 Qf5 27. Rf1 Nd8 28. f4 Ne6 29. Qe4 Qh3 30. Qg2 Qf5 31. fxe5 Qxe5 32. Qe4 Qg5 33. Rf2 Re8 34. Rbf1 f5 35. Qd5 Nd4 36. e4 Qe3 37. Bg2 Ne2+ 38. Kh1 Nxg3+ 39. Kg1 Ne2+ 40. Kh1 Rxh2+ 41. Kxh2 Rh8+ 0-1


[Site "https://www.chess.com"]

[Event "Titled Tuesday Blitz May 4 2021"]
[White "Trent, Lawrence"]
[Black "Urazayev, Arystanbek"]
[WhiteFideId "408638"]
[BlackFideId "13709810"]
[WhiteElo "2474"]
[BlackElo "2321"]
[Result "0-1"]
[Round "09"]
[TimeControl "180+1"]
[Date "2021.05.04"]
[WhiteClock "0:00:13"]
[BlackClock "0:00:12"]

1. e4 c5 2. Nc3 e6 3. f4 a6 4. Nf3 d5 5. d4 dxe4 6. Nxe4 cxd4 7. Qxd4 Qc7 8. Bd3 Nc6 9. Qf2 Nb4 10. O-O Nf6 11. Nxf6+ gxf6 12. Be3 Bd7 13. Be4 f5 14. Bd3 Rg8 15. Ne5 Nd5 16. Bd4 Bc6 17. Nxc6 Qxc6 18. g3 h5 19. Rae1 O-O-O 20. c3 h4 21. Qf3 Bc5 22. Bxc5 Qxc5+ 23. Kg2 hxg3 24. hxg3 Nxf4+ 25. Qxf4 Rxd3 26. Rf3 Qd5 27. Re3 Rd2+ 28. Kg1 Rd1+ 29. Rf1 Rh8 30. Rf3 Rh1+ 31. Kxh1 Rxf1+ 32. Kg2 Rxf3 33. Qxf3 Qxa2 34. Qe2 Qd5+ 35. Kh2 Kb8 36. Qe3 Qb5 37. b4 Qc6 38. Qf4+ Qc7 39. Qh6 Qxc3 40. Qf8+ Ka7 41. Qxf7 Qxb4 42. Qxe6 Qc5 43. Kh3 a5 44. Kh4 a4 45. Kg5 a3 46. Qb3 Ka6 47. Qa4+ Kb6 48. Qb3+ Ka7 49. Qa4+ Kb8 50. Qe8+ Kc7 51. Qf7+ Kc6 52. Qe6+ Qd6 53. Qc4+ Kb6 54. Qb3+ Kc7 55. Kxf5 Qc5+ 56. Kf4 b5 57. Qf7+ Kb6 58. Qe6+ Ka5 59. g4 Qc4+ 60. Qxc4 bxc4 61. g5 a2 62. g6 a1=Q 63. g7 Qxg7 0-1


[Site "https://www.chess.com"]

[Event "Titled Tuesday Blitz May 4 2021"]
[White "Tristan, Leonardo"]
[Black "Maiorov, Nikita"]
[WhiteFideId "113816"]
[BlackFideId "13501720"]
[WhiteElo "2404"]
[BlackElo "2440"]
[Result "1-0"]
[Round "09"]
[TimeControl "180+1"]
[Date "2021.05.04"]
[WhiteClock "0:00:04"]
[BlackClock "0:00:01"]

1. d4 Nf6 2. Bf4 e6 3. e3 c5 4. c3 b6 5. Nd2 Be7 6. Ngf3 O-O 7. h3 cxd4 8. exd4 Ba6 9. Be2 Bxe2 10. Qxe2 d6 11. O-O Nbd7 12. a4 a6 13. Nc4 Qc7 14. Ne3 Rfd8 15. Nd2 Bf8 16. Rfe1 Qb7 17. Ndc4 Qc6 18. Rac1 d5 19. Ne5 Qxa4 20. Ra1 Qb5 21. Qxb5 axb5 22. Nc6 Re8 23. Nc2 Ra4 24. Na7 Rxa1 25. Rxa1 b4 26. cxb4 Ne4 27. b5 Ra8 28. Ra6 Bd6 29. Nc6 Re8 30. Be3 Bf8 31. Ra7 Ndf6 32. Rb7 Nd6 33. Rxb6 Nd7 34. Ra6 Nxb5 35. Na3 Nd6 36. Bf4 Nf5 37. g4 Nh4 38. Bg3 Nf3+ 39. Kg2 Ne1+ 40. Kf1 Nf3 41. Ke2 Ng1+ 42. Kd3 Nxh3 43. b4 f5 44. gxf5 exf5 45. Bc7 Nxf2+ 46. Kc2 Re2+ 47. Kb3 Re3+ 48. Ka2 Nd3 49. Ra8 f4 50. Bd6 f3 51. Ne7+ Kf7 52. Nf5 Re2+ 53. Kb3 f2 54. Ra7 Ke6 55. Bxf8 f1=Q 56. Nxg7+ Kf7 57. Rxd7+ Kg6 58. Bc5 Kg5 59. Rxd5+ Kg4 60. Nf5 Qd1+ 61. Kc4 h5 62. Kb5 Nb2 63. Nc4 Qa4+ 64. Kb6 Nxc4+ 65. Kc7 Qb5 66. Nd6 Nxd6 67. Rxd6 h4 68. Rg6+ Kf3 69. d5 h3 70. Rf6+ Ke4 71. d6 Rd2 72. Re6+ Kf5 73. Rh6 h2 74. Rh5+ 1-0


[Site "https://www.chess.com"]

[Event "Titled Tuesday Blitz May 4 2021"]
[White "Valdes Romero, Leonardo"]
[Black "Suvorov, Luca"]
[WhiteFideId "6500331"]
[BlackFideId "12977071"]
[WhiteElo "2497"]
[BlackElo "2127"]
[Result "1-0"]
[Round "09"]
[TimeControl "180+1"]
[Date "2021.05.04"]
[WhiteClock "0:01:01"]
[BlackClock "0:00:10"]

1. e4 e5 2. Nf3 Nc6 3. Nc3 Nf6 4. d4 exd4 5. Nxd4 Bb4 6. Nxc6 bxc6 7. Bd3 d5 8. exd5 cxd5 9. O-O O-O 10. Qf3 c6 11. h3 Re8 12. Bf4 h6 13. Rad1 Qe7 14. Rfe1 Qxe1+ 15. Rxe1 Rxe1+ 16. Kh2 Bxc3 17. bxc3 Ne4 18. Bxe4 Rxe4 19. Qg3 Kh7 20. Be5 f6 21. Bd4 Bf5 22. Qc7 Rc8 23. Qxa7 Kg6 24. a4 h5 25. a5 Re2 26. a6 Rxc2 27. Qb7 Ra2 28. a7 c5 29. Bxc5 Rxc5 30. a8=Q Rxa8 31. Qxa8 Rxc3 32. Qxd5 Rc7 33. Qd4 Re7 34. Qd8 Rd7 35. Qe8+ Kh7 36. Qxh5+ Kg8 37. Qxf5 Re7 38. Qc8+ Kf7 39. Qf5 Kf8 40. h4 Kf7 41. h5 Re5 42. Qg6+ Kf8 43. f4 Rc5 44. h6 gxh6 45. Qxf6+ Kg8 46. Qg6+ Kf8 1-0


[Site "https://www.chess.com"]

[Event "Titled Tuesday Blitz May 4 2021"]
[White "Valle Maytin, Luis Enrique"]
[Black "Shtyka, Sergey"]
[WhiteFideId "3503666"]
[BlackFideId "4138465"]
[WhiteElo "2311"]
[BlackElo "2102"]
[Result "0-1"]
[Round "09"]
[TimeControl "180+1"]
[Date "2021.05.04"]
[WhiteClock "0:00:10"]
[BlackClock "0:00:17"]

1. d4 c5 2. e3 e6 3. Nf3 Nf6 4. Nbd2 b6 5. b3 Bb7 6. Bb2 Be7 7. c4 O-O 8. Bd3 d5 9. cxd5 Qxd5 10. O-O cxd4 11. exd4 Nc6 12. Qe2 Rfd8 13. Bc4 Qh5 14. Rfd1 Rac8 15. Nf1 Nb4 16. Ng3 Bxf3 17. Qxf3 Qxf3 18. gxf3 Nbd5 19. Ne4 Kf8 20. Rac1 Nf4 21. Nxf6 Bxf6 22. a4 Nd5 23. Kf1 Bg5 24. Rc2 Be7 25. Ke2 Rc7 26. Bc3 Rdc8 27. Rdc1 Nf4+ 28. Kf1 Bd6 29. Bd2 Nd5 30. Bd3 Rxc2 31. Rxc2 Rxc2 32. Bxc2 g6 33. h3 Bf4 34. Be1 Ke7 35. Be4 Kd6 36. Ke2 h5 37. Kd3 Bg5 38. Bxd5 Kxd5 39. Bc3 Bf6 40. Bb2 Bg7 41. Bc3 Bf8 42. Ke3 Bd6 43. Kd3 Bf4 44. Bb2 f5 45. Bc3 Bd6 46. Bb2 Bb4 47. Bc3 Bxc3 48. Kxc3 e5 49. dxe5 Kxe5 50. Kc4 a6 51. b4 g5 52. b5 a5 53. Kd3 Kd5 54. Kc3 Kc5 55. f4 gxf4 56. h4 f3 57. Kd3 Kb4 58. Ke3 Kxa4 59. Kxf3 Kxb5 60. Kf4 a4 61. Kg5 a3 62. Kxh5 a2 63. Kg6 a1=Q 64. h5 Qh8 65. h6 f4 66. h7 f3 67. Kh6 Ka6 68. Kg6 Ka7 0-1


[Site "https://www.chess.com"]

[Event "Titled Tuesday Blitz May 4 2021"]
[White "Vargas, Gabriela"]
[Black "Rorrer, Grayson"]
[WhiteFideId "3700860"]
[BlackFideId "30944996"]
[WhiteElo "2116"]
[BlackElo "2393"]
[Result "0-1"]
[Round "09"]
[TimeControl "180+1"]
[Date "2021.05.04"]
[WhiteClock "0:00:13"]
[BlackClock "0:01:11"]

1. d4 Nf6 2. Nf3 e6 3. Bg5 c5 4. c3 cxd4 5. cxd4 Be7 6. e3 d6 7. Nbd2 Nbd7 8. Bd3 O-O 9. O-O b6 10. Rc1 Bb7 11. Qe2 a6 12. Rc2 e5 13. dxe5 dxe5 14. Bf5 h6 15. Bxf6 Bxf6 16. Ne4 Bxe4 17. Bxe4 Ra7 18. Rd1 Qe7 19. Rcd2 Nc5 20. Bb1 Raa8 21. b4 Na4 22. Qd3 g6 23. Qb3 b5 24. Rd7 Qe8 25. Bxg6 Nb6 26. R7d6 Nc4 27. Rxf6 fxg6 28. Rxf8+ Kxf8 29. Qd3 e4 30. Qd4 exf3 31. Qh8+ Kf7 32. Qh7+ Kf6 33. Rd7 Rd8 34. Qg7+ Ke6 35. Rxd8 Qxd8 36. Qxg6+ Qf6 37. Qe4+ Qe5 38. Qc6+ Ke7 39. gxf3 Qa1+ 40. Kg2 Qg7+ 41. Kh3 Qf6 42. Qc7+ Kf8 43. Qc8+ Kg7 44. Qd7+ Qf7 45. Qg4+ Kf8 46. Qc8+ Qe8 47. Qc5+ Qe7 48. Qc8+ Kf7 49. Qxa6 Qe6+ 50. Qxe6+ Kxe6 51. Kg4 Ne5+ 52. Kf4 Nd3+ 53. Kg4 Nxb4 54. Kh5 Nxa2 55. Kxh6 b4 56. f4 b3 57. Kg6 b2 58. f5+ Kd7 59. f6 b1=Q+ 60. Kg7 Qb2 61. h4 Nb4 62. h5 Nd5 63. h6 Qxf6+ 64. Kg8 Ne7+ 65. Kh7 Qg6+ 66. Kh8 Ke8 0-1


[Site "https://www.chess.com"]

[Event "Titled Tuesday Blitz May 4 2021"]
[White "Villegas, Pierre"]
[Black "Remizov, Yaroslav"]
[WhiteFideId "654183"]
[BlackFideId "34134015"]
[WhiteElo "2411"]
[BlackElo "2367"]
[Result "1-0"]
[Round "09"]
[TimeControl "180+1"]
[Date "2021.05.04"]
[WhiteClock "0:00:09"]
[BlackClock "0:00:19"]

1. d4 Nf6 2. c4 e6 3. Nc3 d5 4. cxd5 exd5 5. Bg5 c6 6. e3 Qb6 7. Qc2 Na6 8. Bxf6 gxf6 9. a3 Bf5 10. Qd2 O-O-O 11. b4 Nb8 12. Bd3 Be6 13. Nge2 h5 14. Ng3 h4 15. Nf5 Qc7 16. Qc2 Qd7 17. Nb5 a6 18. Nc3 Rh5 19. Na4 Kc7 20. g4 hxg3 21. Nxg3 Rh3 22. Rb1 Bd6 23. b5 axb5 24. Rxb5 Rdh8 25. Qc3 Kd8 26. Nc5 Bxc5 27. Rxc5 Rxh2 28. Rxh2 Rxh2 29. Ra5 Qc7 30. Ra8 Kd7 31. Qb4 Rh8 32. Nf5 Re8 33. a4 Na6 34. Bxa6 Rxa8 35. Qe7+ Kc8 36. Qe8+ Qd8 37. Nd6+ Kc7 38. Qxd8+ Rxd8 39. Nxb7 Rh8 40. Nc5 Rh1+ 41. Ke2 Bg4+ 42. Kd2 Ra1 43. f4 Ra2+ 44. Kd3 Ra3+ 45. Kd2 Bf5 46. Be2 Bb1 47. Bd1 Kd6 48. Kc1 Bf5 49. Kd2 Bc8 50. Bb3 Ra1 51. Kc3 Rh1 52. Bc2 Rh3 53. Kd2 Rh2+ 54. Kc3 Rh5 55. Bd3 Bf5 56. Bxf5 Rxf5 57. a5 Rh5 58. a6 Kc7 59. Kd3 Kb6 60. Ke2 Rh2+ 61. Kf3 Rb2 62. Kg3 f5 63. Kf3 Ra2 64. Kg3 Ra3 65. Kf3 Rc3 66. Na4+ Kxa6 67. Nxc3 Ka5 68. Ne2 Kb4 69. Ng3 c5 70. dxc5 Kxc5 71. Nxf5 Kc6 72. Nd4+ Kd6 73. Kg4 Ke7 74. Kf5 Kd6 75. Nf3 Kc5 76. Ke5 Kc4 77. Nd4 Kd3 78. Nf5 Kc4 79. Nd6+ Kd3 80. Kxd5 Kxe3 81. Ke5 f6+ 82. Kf5 Kf3 83. Ne8 1-0


[Site "https://www.chess.com"]

[Event "Titled Tuesday Blitz May 4 2021"]
[White "Vivas Zamora, Fabian Ernesto"]
[Black "Plotnikov, Pavel"]
[WhiteFideId "3902480"]
[BlackFideId "4170342"]
[WhiteElo "1966"]
[BlackElo "2298"]
[Result "1-0"]
[Round "09"]
[TimeControl "180+1"]
[Date "2021.05.04"]
[WhiteClock "0:00:09"]
[BlackClock "0:00:09"]

1. c4 e5 2. Nc3 d6 3. d4 f5 4. dxe5 dxe5 5. Qxd8+ Kxd8 6. Nf3 Nc6 7. Bg5+ Be7 8. O-O-O Ke8 9. Nb5 Bxg5+ 10. Nxg5 Rb8 11. Nxc7+ Kf8 12. e3 Nf6 13. Be2 h6 14. Nf3 Ne4 15. Nxe5 Nxf2 16. Nxc6 bxc6 17. Rd8+ Kf7 18. Rxh8 Nxh1 19. c5 Ke7 20. Rg8 g5 21. Ba6 Kd7 22. Rg7+ Kd8 23. Bxc8 Kxc8 24. Ne6 Rb7 25. Rg8+ Kd7 26. Nd4 Rb4 27. Rg7+ Kc8 28. Nxf5 Rc4+ 29. Kd2 Rxc5 30. Nd6+ Kb8 31. Rg8+ Kc7 32. Ne8+ Kd7 33. Nf6+ Ke6 34. Ne4 Re5 35. Kd3 Rd5+ 36. Ke2 Kf5 37. Nf2 Nxf2 38. Rf8+ Ke4 39. Rxf2 Ra5 40. a3 Rc5 41. Kd2 Rd5+ 42. Ke2 Rc5 43. Kd2 Rd5+ 44. Kc3 Kxe3 45. Rf6 Rc5+ 46. Kb3 Ke2 47. Rxh6 Rb5+ 48. Ka2 Kf2 49. g4 Kg2 50. h4 Rc5 51. hxg5 Rxg5 52. Rxc6 Rxg4 53. Rc7 Ra4 54. b4 Kf3 55. Rc6 Ra6 56. Rxa6 Ke4 57. Kb3 Kd5 58. Rxa7 Kc6 59. Ra5 Kb7 60. Rc5 Kb8 61. a4 Kb7 62. a5 Ka6 63. Ka4 Kb7 64. Kb5 Ka7 65. a6 Kb8 66. Kb6 Ka8 67. Rc8# 1-0


[Site "https://www.chess.com"]

[Event "Titled Tuesday Blitz May 4 2021"]
[White "Volkov, Maksim"]
[Black "Kapitanchuk, Tomas"]
[WhiteFideId "54123070"]
[BlackFideId "135046"]
[WhiteElo "2113"]
[BlackElo "1955"]
[Result "1/2-1/2"]
[Round "09"]
[TimeControl "180+1"]
[Date "2021.05.04"]
[WhiteClock "0:00:05"]
[BlackClock "0:00:03"]

1. d4 Nf6 2. c4 e6 3. g3 Bb4+ 4. Bd2 c5 5. Nf3 O-O 6. Bg2 Bxd2+ 7. Qxd2 cxd4 8. Nxd4 Nc6 9. O-O d5 10. Rd1 Qe7 11. Nc3 Nxd4 12. Qxd4 dxc4 13. Qxc4 a6 14. a4 Bd7 15. Bxb7 Rab8 16. Qxa6 Bxa4 17. Rxa4 Rxb7 18. Nb5 Rfb8 19. Nd4 Qd7 20. Rd3 Rb6 21. Qa7 Qxa7 22. Rxa7 Rxb2 23. Nc6 Re8 24. Kf1 h5 25. h3 Ne4 26. Rd4 Nf6 27. e3 Rb1+ 28. Kg2 Rb2 29. Ne5 Rf8 30. g4 hxg4 31. hxg4 Rb5 32. f4 Nd5 33. Kf3 Rb3 34. Nc4 Rc8 35. g5 Kf8 36. Rxf7+ Kxf7 37. Nd6+ Kg6 38. Nxc8 Rxe3+ 39. Kg4 Rc3 40. Nd6 Ne3+ 41. Kh4 Ng2+ 42. Kg4 Ne3+ 43. Kh4 Rc6 44. Kh3 Kh5 45. Re4 Ng4 46. Rxe6 Rc3+ 47. Kg2 Ne3+ 48. Kf2 Nd5 49. f5 Kxg5 50. Ke2 Nf4+ 51. Kd2 Rd3+ 52. Kc2 Rd5 53. Ne4+ Kxf5 54. Re8 Rd4 55. Nc3 Ne6 56. Ra8 Rf4 57. Ra5+ Kg4 58. Ra6 Nd4+ 59. Kd3 g5 60. Ra4 Nf3 61. Rxf4+ Kxf4 62. Ne2+ Kg4 63. Ke3 Ne5 64. Ng1 Nc4+ 65. Kf2 Nd2 66. Kg2 Ne4 67. Nh3 Kf5 68. Nxg5 1/2-1/2


[Site "https://www.chess.com"]

[Event "Titled Tuesday Blitz May 4 2021"]
[White "Weetik, Vjacheslav"]
[Black "Zverev, Lev"]
[WhiteFideId "4153472"]
[BlackFideId "24250775"]
[WhiteElo "2469"]
[BlackElo "2107"]
[Result "0-1"]
[Round "09"]
[TimeControl "180+1"]
[Date "2021.05.04"]
[WhiteClock "0:00:03"]
[BlackClock "0:00:59"]

1. d4 Nf6 2. Bf4 d5 3. e3 e6 4. Nf3 c5 5. c3 Nc6 6. Nbd2 cxd4 7. exd4 Bd6 8. Ne5 Qc7 9. Ndf3 O-O 10. Bd3 Ne4 11. Bg3 Nxg3 12. Bxh7+ Kxh7 13. hxg3+ Kg8 14. Ng5 g6 15. Qg4 Bxe5 16. Qh4 Re8 17. dxe5 Qxe5+ 18. Kf1 Qg7 19. Nh7 Rd8 20. Nf6+ Kf8 21. Qg5 Ke7 22. Nxd5+ Kd6 23. Nf6 Kc7 24. Rh7 Qf8 25. Re1 e5 26. Qxg6 Be6 27. Qg5 Qd6 28. Ne4 Qd3+ 29. Kg1 Rh8 30. Nc5 Qxh7 0-1


[Site "https://www.chess.com"]